 Dungeon Crawl Stone Soup version 0.31-a0-190-g4feb4907b2 (webtiles) character file.

Game seed: 13998202149078356724

807 qw the Skirmisher (level 7, 0/40 HPs)
             Began as a Deep Elf Hunter on June 23, 2023.
             Slain by a lemure (1 damage)
             ... led by Pikel
             ... on level 6 of the Dungeon.
             The game lasted 00:01:31 (3861 turns).

qw the Skirmisher (Deep Elf Hunter)                 Turns: 3861, Time: 00:01:31

Health: 0/40       AC:  5    Str: 10    XL:     7   Next: 60%
Magic:  0/9        EV: 12    Int: 14    God:
Gold:   109        SH:  0    Dex: 18    Spells: 6/6 levels left

rFire   . . .        Y - +1 shortbow
rCold   . . .        (shield currently unavailable)
rNeg    . . .        c - +0 ring mail
rPois   .            (no helmet)
rElec   .            (no cloak)
rCorr   .            (no gloves)
SInv    .            (no boots)
Will    .....        g - amulet of guardian spirit
Stlth   +            (no ring)
HPRegen 0.26/turn    (no ring)
MPRegen 0.11/turn

%: guardian spirit
@: no status effects
A: no striking features
a: no special abilities


You were on level 6 of the Dungeon.
You visited 1 branch of the dungeon, and saw 6 of its levels.

You collected 214 gold pieces.
You spent 105 gold pieces at shops.


   Skills:
 - Level 2.1 Fighting
 + Level 11.5 Ranged Weapons
 - Level 4.1 Dodging
 - Level 1.2 Stealth


You had 6 spell levels left.
You didn't know any spells.
Your spell library was empty.

Inventory:

Hand Weapons
 Y - a +1 shortbow (weapon)
Armour
 c - a +0 ring mail (worn)
Jewellery
 g - an amulet of guardian spirit (around neck)
Scrolls
 f - a scroll of identify
Potions
 a - a potion of curing {unknown}
 d - a potion of heal wounds {unknown}
 e - a potion of might {unknown}
 h - a potion of haste {unknown}

Dungeon Overview and Level Annotations

Branches:
Dungeon (6/15)
 Temple: D:4-7

Altars:
The Shining One

Shops:
D:5 ?

Annotations:
D:6 Pikel


Message History

The hound closely misses you.
You shoot an arrow. The arrow barely misses the hound.
The arrow closely misses the lemure.
The hound bites you. The hound misses you.
The lemure hits you but does no damage.
You shoot an arrow. The arrow hits the hound.
The hound is almost dead.
The hound barely misses you. The lemure hits you. The lemure barely misses you.
You shoot an arrow. The arrow misses the hound.
The hound misses you. The hound bites you.
The lemure hits you but does no damage. The lemure closely misses you.
Pikel says, "You'll feel the lick of my whip!"
You shoot an arrow. The arrow misses the hound.
The hound barely misses you. The lemure hits you. x2
Pikel checks his coin pouch and frowns.
You shoot an arrow. The arrow barely misses the hound.
The arrow hits Pikel.
Pikel is lightly wounded.
You hear a shout!
The hound bites you but does no damage. x2; The lemure completely misses you.
The lemure hits you but does no damage.
A lemure comes into view.
You shoot an arrow. The arrow hits the hound.
You kill the hound!
The lemure barely misses you. The lemure hits you but does no damage.
You shoot an arrow. The arrow closely misses Pikel.
You hear a shout!
A lemure comes into view.
The lemure misses you.
Pikel hits you with a +0 whip of freezing!
Pikel freezes you. The lemure hits you but does no damage.
You shoot an arrow. The arrow closely misses Pikel.
You shoot an arrow.
The arrow hits Pikel but does no damage.
Pikel is lightly wounded.
The lemure barely misses you. x2
Pikel hits you with a +0 whip of freezing!
Pikel freezes you.
You shoot an arrow. The arrow barely misses Pikel.
The lemure hits you. Pikel closely misses you. The lemure hits you.
You die...

..# ...# #
..##..# #. .....#
.##....# ...8..#
##55..# #..5K5#
##@## ##...# #.
##....####.#
.#...#..........#
.......<...######
######.....#
###.### #.. ####


You could see Pikel and 4 lemures.

Vanquished Creatures
  A water moccasin (D:5)
  An ogre (D:6)
  A centaur (D:5)
  A phantom (D:4)
  A scorpion (D:5)
  A howler monkey (D:5)
  4 orc priests
  A jelly (D:4)
  A hound (D:6)
  An orc wizard (D:5)
  Natasha (twice) (D:2)
  3 adders
  A white imp (D:5)
  An ufetubus (D:4)
  2 worms (D:2)
  3 dart slugs
  10 orcs
  7 ball pythons
  A bat (D:1)
  8 endoplasms
  2 giant cockroaches
  3 goblins
  4 hobgoblins
  4 quokkas
  9 frilled lizards (D:1)
  9 kobolds
  5 rats
87 creatures vanquished.

Notes
Turn   | Place    | Note
-------+----------+-------------------------------------------
     0 | D:1      | qw the Deep Elf Hunter began the quest for the Orb.
     0 | D:1      | Reached XP level 1. HP: 12/12 MP: 3/3
     0 | D:1      | 0 ||| qw: Version: 0.3-a-9-g12657ce
     0 | D:1      | 0 ||| qw: Game counter: 4541
     0 | D:1      | 0 ||| qw: Always use a shield: true
     0 | D:1      | 0 ||| qw: God list: Okawaru
     0 | D:1      | 0 ||| qw: Allow faded altars: false
     0 | D:1      | 0 ||| qw: Do Orc after D:15 true
     0 | D:1      | 0 ||| qw: Do second Lair branch before Depths: true
     0 | D:1      | 0 ||| qw: Lair rune preference: random
     0 | D:1      | 0 ||| qw: Plans: Normal
     0 | D:1      | 0 ||| PLANNING D:1-11
   225 | D:1      | Reached XP level 2. HP: 16/16 MP: 4/4
   241 | D:1      | Reached skill level 6 in Ranged Weapons
   306 | D:1      | Found a faded altar of an unknown god.
   644 | D:1      | 644 ||| READING scroll labelled GURUANKOIPO.
   645 | D:1      | 645 ||| READING scroll labelled XEISKU ZEENATYJ.
   646 | D:1      | 646 ||| READING scroll labelled WYEHANE QERPHE.
   651 | D:1      | 651 ||| DROPPING scroll of butterflies.
   711 | D:2      | Reached XP level 3. HP: 15/20 MP: 5/5
   760 | D:2      | Reached skill level 7 in Ranged Weapons
   766 | D:2      | 766 ||| FLEEEEING.
   775 | D:2      | 775 ||| STAIRDANCE
   824 | D:2      | Found a glowing golden altar of the Shining One.
   921 | D:2      | 921 ||| FLEEEEING.
   922 | D:2      | 922 ||| FLEEEEING.
   923 | D:2      | 923 ||| FLEEEEING.
   924 | D:2      | 924 ||| FLEEEEING.
   925 | D:2      | 925 ||| FLEEEEING.
   926 | D:2      | 926 ||| FLEEEEING.
   927 | D:2      | 927 ||| FLEEEEING.
   928 | D:2      | 928 ||| FLEEEEING.
   929 | D:2      | 929 ||| FLEEEEING.
   994 | D:2      | Noticed Natasha
  1004 | D:2      | HP: 3/20 [cerulean imp/+0 spear[Natasha] (4)]
  1005 | D:2      | Killed Natasha
  1006 | D:2      | Reached XP level 4. HP: 4/25 MP: 6/6
  1188 | D:2      | Noticed Natasha
  1194 | D:2      | Killed Natasha
  1195 | D:2      | Reached skill level 8 in Ranged Weapons
  1274 | D:2      | 1274 ||| READING scroll labelled CUREAL YLIHUHI.
  2076 | D:3      | 2076 ||| UPGRADING to +2 robe of positive energy.
  2086 | D:3      | 2086 ||| DROPPING +0 leather armour.
  2087 | D:3      | 2087 ||| UPGRADING to amulet of guardian spirit.
  2092 | D:3      | 2092 ||| READING 2 scrolls of identify.
  2092 | D:3      | 2092 ||| IDENTIFYING metallic grey potion
  2093 | D:3      | 2093 ||| DROPPING potion of ambrosia.
  2143 | D:4      | Reached XP level 5. HP: 29/29 MP: 7/7
  2164 | D:4      | Noticed a phantom
  2177 | D:4      | Killed a phantom
  2251 | D:4      | Reached skill level 9 in Ranged Weapons
  2251 | D:4      | Reached XP level 6. HP: 28/34 MP: 3/8
  2731 | D:4      | 2731 ||| UPGRADING to +0 ring mail.
  2741 | D:4      | 2741 ||| DROPPING +2 robe of positive energy.
  2742 | D:4      | 2742 ||| DRINKING 2 black potions.
  2743 | D:4      | 2743 ||| DROPPING potion of attraction.
  2761 | D:5      | Entered Level 5 of the Dungeon
  2762 | D:5      | Found Zaitoa's Magic Scroll Boutique.
  2772 | D:5      | 2772 ||| SHOPLISTING 2 scrolls of enchant weapon (210 gold,
                  | have 130).
  2772 | D:5      | 2772 ||| SHOPLISTING scroll of acquirement (728 gold, have
                  | 130).
  2772 | D:5      | 2772 ||| BUYING scroll of enchant weapon (105 gold).
  2772 | D:5      | Bought a scroll of enchant weapon for 105 gold pieces
  2772 | D:5      | 2772 ||| SHOPLISTING scroll of teleportation (42 gold, have
                  | 25).
  2772 | D:5      | 2772 ||| READING scroll of enchant weapon.
  2772 | D:5      | 2772 ||| ENCHANTING +0 shortbow.
  2792 | D:5      | 2792 ||| Stepping ~*~*~tactically~*~*~ (outnumbered).
  2907 | D:5      | Noticed a water moccasin
  2920 | D:5      | Killed a water moccasin
  3069 | D:5      | Reached skill level 10 in Ranged Weapons
  3069 | D:5      | Reached XP level 7. HP: 40/40 MP: 9/9
  3672 | D:5      | 3672 ||| Stepping ~*~*~tactically~*~*~ (outnumbered).
  3701 | D:5      | Reached skill level 11 in Ranged Weapons
  3848 | D:6      | Noticed Pikel
  3860 | D:6      | HP: 6/40 [Pikel/+0 whip of freezing (7)]
  3861 | D:6      | HP: 1/40 [lemure[Pikel] (4)]
  3861 | D:6      | Slain by a lemure

Levels and vault maps discovered:
D:1:      minmay_arrival_up_and_down, layout_loops_ring,
          ebering_ecumenical_altar_mist, serial_bayou, serial_bayou_pond_c,
          serial_bayou_pond_e, serial_bayou_pond_a, serial_bayou_pond_b,
          grunt_decor_resistance, minmay_lizard_pond
D:2:      layout_rooms, basic_altar, uniq_natasha
D:3:      layout_basic
D:4:      layout_rooms
D:5:      layout_gridville, serial_shops, shop
D:6:      layout_loops_ring, trog_butcher_becter, lemuel_round_altar,
          minmay_temple_entry_waves, uniq_pikel

Skill      XL: |  1  2  3  4  5  6  7 |
---------------+----------------------+-----
Ranged Weapons | 6 7 8 9 10 11 | 11.5
Dodging        | 4 |  4.1
Fighting       | 2 |  2.1
Stealth        | |  1.2

Action                     |  1- 3 |  4- 6 |  7- 9 || total
---------------------------+-------+-------+-------++-------
   Fire: Shortbow          |   120 |   147 |    68 ||   335
    Use: Scroll            |     3 |     3 |       ||     6
         Potion            |       |     1 |       ||     1
 Armour: Leather armour    |     5 |       |       ||     5
         Robe              |       |     5 |       ||     5
         Ring mail         |       |     3 |    14 ||    17
  Dodge: Dodged            |    22 |    32 |    26 ||    80

Table legend:
 A = Non-vault XP
 B = Vault XP
 C = Vault XP percentage of total XP
 D = Non-vault monster count
 E = Vault monster count
 F = Vault count percentage of total count
                 A         B        C        D         E       F
            +---------+---------+-------+---------+---------+-------
      Total |    1106 |      48 |   4.2 |      75 |      12 |  13.8
            +---------+---------+-------+---------+---------+-------
        D:1 |      19 |      13 |  40.6 |      10 |      11 |  52.4
        D:2 |      98 |      35 |  26.3 |      21 |       1 |   4.5
        D:3 |      29 |       0 |   0.0 |      10 |       0 |   0.0
        D:4 |     233 |       0 |   0.0 |      17 |       0 |   0.0
        D:5 |     571 |       0 |   0.0 |      15 |       0 |   0.0
        D:6 |     156 |       0 |   0.0 |       2 |       0 |   0.0
            +---------+---------+-------+---------+---------+-------
